[Event "HUN-chT Youth-Children 2018"]
[Site "Zalakaros"]
[Date "2018.07.29"]
[Round "7"]
[White "Baski, Barnabas"]
[Black "Papp, Levente"]
[Result "0-1"]
[ECO "A04"]
[WhiteElo "1740"]
[BlackElo "2311"]
[Annotator "NA"]
[PlyCount "150"]
[EventDate "2018.07.26"]
[EventType "team-tourn"]
[EventCountry "HUN"]
[SourceTitle "playchess.com"]
[Source "ChessBase"]
[SourceQuality "1"]
[TimeControl "5400+30"]

1. Nf3 b6 2. g3 Bb7 3. Bg2 Nf6 4. O-O e6 5. d4 Be7 6. c4 Ne4 7. Nbd2 Nxd2 8. Bxd2 O-O 9. Qc2 f5 10. Ne1 Bxg2 11. Nxg2 Qc8 12. Bc3 $14 Qb7 13. Rad1 Na6 14. a3 Rae8 15. f3 d5 16. Qd3 c6 17. e4 Nc7 18. Rfe1 g6 19. cxd5 cxd5 20. exd5 exd5 21. Rxe7 Rxe7 22. Bb4 Rfe8 23. Bxe7 Rxe7 24. Re1 Ne8 25. Rxe7 Qxe7 26. Qe3 Kf7 27. Qe5 Qxe5 28. dxe5 Ke6 29. f4 d4 30. Kf2 Kd5 31. Ke2 Nc7 32. Kd3 a5 33. Ne1 Ne6 34. b4 g5 35. Ng2 h6 36. h3 a4 37. h4 b5 38. h5 g4 39. Nh4 Ng7 40. e6 Kxe6 41. Kxd4 Kd6 42. Ke3 Ke6 43. Kd4 Nxh5 44. Kc5 Nxg3 45. Ng2 Ne4+ 46. Kxb5 Nc3+ 47. Ka5 Kd6 48. b5 Kc5 49. b6 Kc6 50. Ka6 Ne4 51. Ka7 Nd6 52. Ne3 g3 53. Ng2 Nc8+ 54. Ka6 Nxb6 55. Ka5 Kc5 56. Nh4 Nc4+ 57. Kxa4 Ne3 58. Kb3 g2 59. Nf3 Nc4 60. Kc3 Nxa3 61. Kd3 Kd5 62. Ke3 Nc2+ 63. Kf2 Ke4 64. Kxg2 Nd4 65. Ne5 Kxf4 66. Nd3+ Ke3 67. Ne5 f4 68. Ng4+ Ke2 69. Nf2 h5 70. Nh3 f3+ 71. Kg3 Nf5+ 72. Kf4 f2 73. Nxf2 Kxf2 74. Kg5 h4 75. Kg4 Kg2 0-1

[Event "HUN-chT Youth-Children 2018"]
[Site "Zalakaros"]
[Date "2018.07.29"]
[Round "7"]
[White "Megyaszai, Balazs"]
[Black "Andras, Ferenc"]
[Result "1/2-1/2"]
[ECO "B01"]
[WhiteElo "1710"]
[BlackElo "1202"]
[Annotator "NA"]
[PlyCount "73"]
[EventDate "2018.07.26"]
[EventType "team-tourn"]
[EventCountry "HUN"]
[SourceTitle "playchess.com"]
[Source "ChessBase"]
[SourceQuality "1"]
[TimeControl "5400+30"]

1. e4 d5 2. exd5 Qxd5 3. Nc3 Qa5 4. Nf3 Nf6 5. d3 c6 6. Be2 Bf5 7. Bd2 e6 8. O-O Nbd7 9. a3 Be7 10. Re1 O-O 11. Nh4 Bg6 12. Nxg6 hxg6 13. Rb1 Rfe8 14. d4 Nh7 15. Bf3 Qb6 16. Be3 Qa5 17. Qe2 Bg5 18. b4 Qd8 19. b5 Rc8 20. bxc6 bxc6 21. Ne4 Bxe3 22. fxe3 Ndf6 23. Nc5 Nd5 24. Bxd5 cxd5 25. Rb7 Rc7 26. Reb1 Rxb7 27. Rxb7 Qa5 28. Qf2 Nf6 29. Rb3 Ne4 30. Nxe4 dxe4 31. c4 Qa4 32. Qc2 Kh7 33. Qc3 f5 34. c5 Qc6 35. Qb4 Re7 36. h3 g5 37. Qe1 1/2-1/2

[Event "HUN-chT Youth-Children 2018"]
[Site "Zalakaros"]
[Date "2018.07.29"]
[Round "7"]
[White "Kiss, Eniko"]
[Black "Monduk, Ferenc"]
[Result "1/2-1/2"]
[ECO "C01"]
[WhiteElo "1697"]
[BlackElo "1870"]
[Annotator "NA"]
[PlyCount "71"]
[EventDate "2018.07.26"]
[EventType "team-tourn"]
[EventCountry "HUN"]
[SourceTitle "playchess.com"]
[Source "ChessBase"]
[SourceQuality "1"]
[TimeControl "5400+30"]

1. e4 e6 2. d4 d5 3. exd5 exd5 4. c4 Nf6 5. Nc3 Bb4 6. Nf3 O-O 7. Bd3 dxc4 8. Bxc4 Bg4 9. O-O Nc6 10. a3 Ba5 11. b4 Bb6 12. d5 Nd4 13. Be3 Nxf3+ 14. gxf3 Bh3 15. Re1 Nh5 16. Bf1 Bxe3 17. fxe3 Qg5+ 18. Kh1 Bxf1 19. Rxf1 Qxe3 20. Nb5 Rad8 21. Nxc7 Qe5 22. Rc1 Rd7 23. Re1 Qd6 24. Nb5 Qb6 25. Nc3 Nf4 26. Qd2 Ng6 27. Na4 Qf6 28. Re3 h6 29. Nc5 Rdd8 30. Nxb7 Rb8 31. Nc5 Rfd8 32. Rd1 Qf4 33. Rd3 Qf5 34. d6 Ne5 35. Rd5 Qxf3+ 36. Qg2 1/2-1/2

[Event "HUN-chT Youth-Children 2018"]
[Site "Zalakaros"]
[Date "2018.07.29"]
[Round "7"]
[White "Laszlo, Csaba"]
[Black "Fodor, Kornel"]
[Result "1/2-1/2"]
[ECO "B44"]
[WhiteElo "1694"]
[BlackElo "1794"]
[Annotator "NA"]
[PlyCount "104"]
[EventDate "2018.07.26"]
[EventType "team-tourn"]
[EventCountry "HUN"]
[SourceTitle "playchess.com"]
[Source "ChessBase"]
[SourceQuality "1"]
[TimeControl "5400+30"]

1. e4 c5 2. Nf3 e6 3. d4 cxd4 4. Nxd4 Nc6 5. Be3 Nf6 6. Bd3 d5 7. Nc3 Bb4 8. Nxc6 bxc6 9. e5 d4 $15 10. Bd2 Nd7 11. Ne2 Bxd2+ 12. Qxd2 Nxe5 13. O-O O-O 14. h3 c5 15. f4 Nxd3 16. Qxd3 Bb7 17. Rf2 Qb6 18. b3 Rfd8 19. Re1 Ba6 20. Qd2 d3 21. Ng3 c4 22. Ne4 Rac8 23. bxc4 Bxc4 24. Qe3 Qa5 25. f5 dxc2 26. Rxc2 Qxf5 27. Qxa7 Ra8 28. Qc7 Bd3 29. Rf2 Qg6 30. Nd6 f5 31. Rf3 Be4 32. Nxe4 fxe4 33. Rg3 Qf7 34. Qxf7+ Kxf7 35. Rxe4 Rxa2 36. Rf3+ Ke7 37. Rg4 g6 38. Rb4 Rd7 39. Rbf4 Kd8 40. Rf7 Raa7 41. R7f6 Ke7 42. Rf7+ Kd6 43. Rd3+ Kc6 44. Rc3+ Kb5 45. Rf1 Ra4 46. Re1 Re7 47. Rce3 Ra6 48. Rc3 Kb4 49. Rc8 Kb3 50. Re3+ Kb4 51. Re1 Kb3 52. Re3+ Kb4 1/2-1/2

[Event "HUN-chT Youth-Children 2018"]
[Site "Zalakaros"]
[Date "2018.07.29"]
[Round "7"]
[White "Kiraly, Lilla Virag"]
[Black "Gulacsi, Donat Ferenc"]
[Result "1/2-1/2"]
[ECO "D02"]
[WhiteElo "1488"]
[BlackElo "1610"]
[Annotator "NA"]
[PlyCount "40"]
[EventDate "2018.07.26"]
[EventType "team-tourn"]
[EventCountry "HUN"]
[SourceTitle "playchess.com"]
[Source "ChessBase"]
[SourceQuality "1"]
[TimeControl "5400+30"]

1. d4 d5 2. Nf3 c5 3. c3 e6 4. Bf4 Nc6 5. e3 Nf6 6. Nbd2 Be7 7. Bd3 O-O 8. O-O b6 9. Bg3 Bb7 10. Ne5 cxd4 11. exd4 Nd7 12. Qh5 f5 13. f4 Nf6 14. Qe2 Ne4 15. Ndf3 Rf6 16. Bb5 Rc8 17. Bh4 Rf8 18. Bxe7 Qxe7 19. Rae1 Qd6 20. Nxc6 Bxc6 1/2-1/2

[Event "HUN-chT Youth-Children 2018"]
[Site "Zalakaros"]
[Date "2018.07.29"]
[Round "7"]
[White "Kasnya, Peter"]
[Black "Varga, Marko"]
[Result "1-0"]
[ECO "C44"]
[WhiteElo "1320"]
[BlackElo "1048"]
[Annotator "NA"]
[PlyCount "107"]
[EventDate "2018.07.26"]
[EventType "team-tourn"]
[EventCountry "HUN"]
[SourceTitle "playchess.com"]
[Source "ChessBase"]
[SourceQuality "1"]
[TimeControl "5400+30"]

1. e4 e5 2. Nf3 Nc6 3. d4 exd4 4. Nxd4 Nf6 5. Nxc6 bxc6 6. Bd3 Be7 7. O-O O-O 8. Nc3 Re8 9. Re1 d5 10. b3 dxe4 11. Nxe4 Nxe4 12. Bxe4 Bb7 13. Bb2 Bd6 $18 ({Günstiger ist} 13... Qxd1 $14 14. Raxd1 Bb4) 14. h3 Qg5 15. Qf3 Qf4 16. Qxf4 Bxf4 17. Bf3 h6 18. Rad1 Rad8 19. Rxd8 Rxd8 20. Rd1 Rxd1+ 21. Bxd1 g5 22. Kf1 f5 23. Ke2 Ba6+ 24. c4 Kf7 25. Kd3 Ke6 26. Bg7 c5 27. Bxh6 Bb7 28. g3 Be4+ 29. Ke2 Bc1 30. h4 Kf6 31. hxg5+ Bxg5 32. Bf8 a6 33. Bxc5 f4 34. gxf4 Bxf4 35. Be3 Be5 36. Kd2 Kf5 37. Bc2 Bxc2 38. Kxc2 Ke4 39. Kd2 c6 40. a4 Kf5 41. Kd3 Ke6 42. Ke4 Bb2 43. f4 Kf6 44. Bd4+ Bxd4 45. Kxd4 Kf5 46. Kc5 Kxf4 47. Kxc6 Ke4 48. Kd6 Kd4 49. c5 Kc3 50. Kc6 Kxb3 51. Kb6 Kb4 52. c6 Kxa4 53. Kxa6 Kb4 54. c7 1-0

[Event "HUN-chT Youth-Children 2018"]
[Site "Zalakaros"]
[Date "2018.07.29"]
[Round "7"]
[White "Pasti, Zsombor"]
[Black "Petyko, Martin"]
[Result "1/2-1/2"]
[ECO "C01"]
[WhiteElo "1249"]
[BlackElo "1166"]
[Annotator "NA"]
[PlyCount "58"]
[EventDate "2018.07.26"]
[EventType "team-tourn"]
[EventCountry "HUN"]
[SourceTitle "playchess.com"]
[Source "ChessBase"]
[SourceQuality "1"]
[TimeControl "5400+30"]

1. e4 e6 2. d4 d5 3. exd5 exd5 4. Nf3 Nf6 5. Bg5 Be7 6. c4 O-O 7. Nc3 Re8 8. Be2 Ne4 9. Bxe7 Qxe7 10. Nxd5 Qd6 11. O-O Be6 12. Qb3 Nc6 13. Rad1 Na5 14. Qb4 Qxb4 15. Nxb4 Bxc4 16. Bxc4 Nxc4 17. Rc1 Nxb2 18. Rxc7 a5 19. Nd5 b5 20. Rc2 Nd3 21. Rb1 b4 22. Ne1 Nxe1 23. Rxe1 Nc3 24. Ne3 Nb5 25. d5 Rac8 26. Rxc8 Rxc8 27. Nc4 a4 28. d6 Kf8 29. Nb6 Rd8 1/2-1/2

[Event "HUN-chT Youth-Children 2018"]
[Site "Zalakaros"]
[Date "2018.07.29"]
[Round "7"]
[White "Vilics, Hanna"]
[Black "Kocsmar, Akos"]
[Result "0-1"]
[ECO "A49"]
[WhiteElo "1205"]
[BlackElo "1721"]
[Annotator "NA"]
[PlyCount "104"]
[EventDate "2018.07.26"]
[EventType "team-tourn"]
[EventCountry "HUN"]
[SourceTitle "playchess.com"]
[Source "ChessBase"]
[SourceQuality "1"]
[TimeControl "5400+30"]

1. d4 Nf6 2. Nf3 g6 3. g3 Bg7 4. Bg2 d6 5. O-O O-O 6. Nbd2 Nbd7 7. b3 c5 8. Bb2 Rb8 9. c4 cxd4 10. Nxd4 a6 11. Rc1 Qb6 12. N4f3 Ng4 13. Bxg7 Kxg7 14. Ne4 Ngf6 15. Nxf6 Nxf6 16. Qd4 Qxd4 17. Nxd4 Bd7 18. c5 e5 19. Nf3 e4 20. Ng5 d5 21. Nh3 Bc6 22. e3 Nd7 23. f3 Rbe8 24. fxe4 dxe4 25. Rf4 f5 26. g4 Ne5 27. Nf2 fxg4 28. Rxf8 Kxf8 29. Rf1 Nf3+ 30. Bxf3 gxf3 31. Rd1 Re5 32. b4 Ke7 33. Rd4 h5 34. h3 Bd5 35. a3 Ke6 36. Kh2 Rg5 37. Kh1 Rg2 38. Rd2 g5 39. Rb2 g4 40. hxg4 hxg4 41. Nd1 Rxb2 42. Nxb2 g3 43. Kg1 Kf5 44. Nd1 f2+ 45. Nxf2 gxf2+ 46. Kxf2 Kg4 47. Ke2 Kg3 48. Ke1 Kf3 49. Kd2 Kf2 50. Kd1 Kxe3 51. Ke1 Bb3 52. Kf1 Kd2 0-1

[Event "HUN-chT Youth-Children 2018"]
[Site "Zalakaros"]
[Date "2018.07.29"]
[Round "7"]
[White "Horvath, Sebestyen"]
[Black "Koteljarto, Aron"]
[Result "1/2-1/2"]
[ECO "B18"]
[WhiteElo "1040"]
[BlackElo "1404"]
[Annotator "NA"]
[PlyCount "32"]
[EventDate "2018.07.26"]
[EventType "team-tourn"]
[EventCountry "HUN"]
[SourceTitle "playchess.com"]
[Source "ChessBase"]
[SourceQuality "1"]
[TimeControl "5400+30"]

1. e4 c6 2. d4 d5 3. Nc3 dxe4 4. Nxe4 Bf5 5. Ng3 Bg6 6. Nf3 Nd7 7. Bd3 Bxd3 8. Qxd3 e6 9. Bd2 Ngf6 10. O-O-O Be7 11. Kb1 h6 12. c4 Qc7 13. Rhe1 O-O-O 14. Qb3 Kb8 15. c5 Nd5 16. Rc1 Ka8 1/2-1/2